 Dungeon Crawl Stone Soup version 0.20-a0-201-g851c6fa (webtiles) character file.

26 KristoblXynda the Chopper (level 2, -5/24 HPs)
             Began as a Draconian Gladiator on Nov 24, 2016.
             Slain by a gnoll
             ... wielding a +0 flail
              (8 damage)
             ... on level 1 of the Dungeon.
             The game lasted 00:01:29 (271 turns).

KristoblXynda the Chopper (Draconian Gladiator)      Turns: 271, Time: 00:01:29

Health: -5/24      AC:  4    Str: 17    XL:     2   Next: 89%
Magic:  2/2        EV: 13    Int:  8    God:
Gold:   7          SH:  0    Dex: 11    Spells: 1/1 levels left

rFire  . . .     SeeInvis .     a - +0 war axe
rCold  . . .     Gourm    .     (armour unavailable)
rNeg   . . .     Faith    .     (no shield)
rPois  .         Spirit   .     b - +0 hat
rElec  .         Reflect  .     (no cloak)
rCorr  .         Harm     .     (no gloves)
MR     .....                    (no boots)
Stlth  +.........               (no amulet)
                                (no ring)
                                h - ring of wizardry

@: no status effects
A: unfitting armour, talons 1, cold-blooded, AC +4
a: no special abilities


You were on level 1 of the Dungeon.
You were not hungry.

You visited 1 branch of the dungeon, and saw 1 of its levels.

You collected 7 gold pieces.

Inventory:

Hand Weapons
 a - a +0 war axe (weapon)
Missiles
 c - 3 throwing nets (quivered)
Armour
 b - a +0 hat (worn)
Jewellery
 h - a ring of wizardry (left hand)
Scrolls
 g - a scroll of enchant weapon {unknown}
 i - a scroll of recharging {unknown}
Comestibles
 d - a bread ration
 f - a meat ration


   Skills:
 - Level 2.1 Fighting
 * Level 3.6 Axes
 + Level 2.1 Throwing
 + Level 3.0 Dodging


You had one spell level left.
You didn't know any spells.

Dungeon Overview and Level Annotations

Branches:
Dungeon (1/15)

Altars:


Innate Abilities, Weirdness & Mutations

Your plain brown scales are hard. (AC +4)
You cannot fit into any form of body armour.
You are cold-blooded and may be slowed by cold attacks.
You have sharp toenails.


Message History

You kill the goblin!
The gnoll closely misses you.
You hit the gnoll but do no damage. The gnoll completely misses you.
You barely miss the gnoll. The gnoll hits you with a flail.
You barely miss the gnoll. You tail-slap the gnoll.
The gnoll is lightly wounded.
The gnoll misses you.
You closely miss the gnoll. The gnoll closely misses you.
You closely miss the gnoll. The gnoll hits you with a flail!
* * * LOW HITPOINT WARNING * * *
You completely miss the gnoll. The gnoll closely misses you.
The rat twitches its whiskers.
It was a potion of cure mutation.
It has a very clean taste.
The gnoll misses you.
It was a potion of mutation.
You feel extremely strange.
Your toenails lengthen and sharpen.
You feel frail.
You feel robust. The gnoll closely misses you.
Unknown command.
The gnoll hits you with a flail!
You die...

.#.#.#####.#..##>#....#.####.....
.# #)# #.#..#..................
...#.# .#.......r#............
...#.#####.#.#......#............
.........# #...####.r..........
...#.###.# # ##.r# #.......#####
...#..##.#.#.##..# ###.##### #..
.. #............g# ##.#######..
.. #..##.#.....#@#####....r..##..
. #...#.#.....#.............w...
. ##..#.#.....##.####.......##..
.. #..#.#.....# .. #.......####
#..##).#.#.....# #.# #.......#
.......#.#.## # .. ##.######
.........#.# ## #.# #.#
.......#.#.#.... .. ..
######.......... ...


You could see a gnoll and a rat.

Vanquished Creatures
  2 dart slugs (D:1)
  3 bats (D:1)
  6 goblins (D:1)
  2 hobgoblins (D:1)
  4 jackals (D:1)
  A kobold (D:1)
  3 rats (D:1)
21 creatures vanquished.

Notes
Turn   | Place    | Note
-------+----------+-------------------------------------------
     0 | D:1      | KristoblXynda the Draconian Gladiator began the quest for the Orb.
     0 | D:1      | Reached XP level 1. HP: 17/17 MP: 1/1
   112 | D:1      | Reached XP level 2. HP: 22/24 MP: 2/2
   242 | D:1      | HP: 1/24 [gnoll/flail (8)]
   252 | D:1      | Gained mutation: You have sharp toenails. [potion of mutation]
   252 | D:1      | Gained mutation: You are frail. (-10% HP) [potion of mutation]
   252 | D:1      | Lost mutation: You are frail. (-10% HP) [potion of mutation]
   271 | D:1      | Slain by a gnoll

Vault maps used:
D:1:      dpeg_arrival_prison, st_stairs_10

Skill      XL: |  1  2 |
---------------+-------+-----
Throwing       | 2 |  2.1
Dodging        | 3 |  3.0
Fighting       | |  2.1
Axes           | |  3.6

Action                   || total
-------------------------++-------
Melee: War axe           ||    65
       Tailslap          ||     6
  Use: Potion            ||     2
Armor: Skin              ||    22
Dodge: Dodged            ||    51
